 Dungeon Crawl Stone Soup version 0.27.1 (webtiles) character file.

Game seed: 5413060077109063078

718 Shym the Chiller (level 7, 0/44 (46) HPs)
             Began as a Barachi Ice Elementalist on Sept 1, 2021.
             Slain by a hornet zombie (10 damage)
             ... on level 5 of the Dungeon.
             The game lasted 00:27:10 (5474 turns).

Shym the Chiller (Barachi Ice Elementalist)         Turns: 5474, Time: 00:27:11

HP:   0/44 (46)     AC: 10    Str:  9    XL:     7   Next: 70%
MP:   2/14          EV: 12    Int: 17    God:
Gold: 191           SH:  0    Dex: 13    Spells: 4/16 levels left

rFire    . . .     SeeInvis .   s - +0 flail
rCold    . . .     Faith    .   (no shield)
rNeg     + . .     Spirit   .   r - +1 robe {rN+}
rPois    .         Reflect  .   (no helmet)
rElec    .         Harm     .   (no cloak)
rCorr    .         Rampage  .   (no gloves)
Will     .....                  (no boots)
Stlth    ++........             (no amulet)
HPRegen  0.14/turn              (no ring)
MPRegen  0.14/turn              (no ring)

@: ice-armoured, unable to hop, lightly drained, slow
A: amphibious, slowness 1, strong legs 1, +LOS
a: Hop


You were on level 5 of the Dungeon.
You visited 1 branch of the dungeon, and saw 5 of its levels.

You collected 191 gold pieces.

Inventory:

Hand Weapons
 c - a +0 dagger
 o - a +0 spear
 s - a +0 flail (weapon)
Missiles
 e - 147 stones
 g - 54 arrows
 j - 41 sling bullets
 k - 12 poisoned darts
Armour
 r - a +1 robe of positive energy (worn)
Magical Staves
 y - a staff of air
Wands
 m - a wand of acid (9)
 t - a wand of mindburst (14)
 w - a wand of paralysis (3)
Scrolls
 b - 2 scrolls of fog {unknown}
 h - a scroll of enchant armour {unknown}
 l - a scroll of identify {unknown}
 n - a scroll of magic mapping {unknown}
 q - 2 scrolls of noise {unknown}
 u - 2 scrolls of teleportation {unknown}
Potions
 d - 2 potions of curing {unknown}
 f - 3 potions of lignification {unknown}
 i - 2 potions of degeneration {unknown}
 p - a potion of cancellation {unknown}
 v - a potion of ambrosia {unknown}
 x - a potion of haste {unknown}


   Skills:
 - Level 2.1 Dodging
 - Level 1.7 Stealth
 + Level 5.3 Spellcasting
 + Level 4.7 Conjurations
 + Level 7.5 Ice Magic


You had 4 spell levels left.
You knew the following spells:

 Your Spells              Type           Power      Damage    Failure   Level
a - Ozocubu's Armour      Ice            30%        N/A       1%          3
d - Magic Dart            Conj           80%        1d7       1%          1
f - Freeze                Ice            100%       1d11      1%          1
h - Hailstorm             Conj/Ice       25%        3d7       11%         4
r - Frozen Ramparts       Ice            60%        1d8       1%          3

Your spell library contained the following spells:

 Spells                   Type           Power      Damage    Failure   Level
 Call Imp                 Summ           4%         N/A       22%         2
 Sublimation of Blood     Necr           2%         N/A       22%         2
 Wereblood                Tmut           4%         N/A       22%         2
 Mephitic Cloud           Conj/Pois/Air  9%         N/A       22%         3
 Summon Hydra             Summ           2%         N/A       100%        7


Dungeon Overview and Level Annotations

Branches:
Dungeon (5/15)
 Temple: D:4-7

Altars:
Dithmenos
Elyvilon
Hepliaklqana
Makhleb
Nemelex Xobeh
Qazlal
Trog


Innate Abilities, Weirdness & Mutations

You are amphibious.
You cover ground slowly.
You can hop short distances.
You have an extended range of vision and can be seen from far away.


Message History

Okay, then.
Your icy armour will break if you move.
Continue? [Y]es or [N]o only, please.
Your icy armour will break if you move.
Continue? [Y]es or [N]o only, please.
Your icy armour will break if you move.
Continue? [Y]es or [N]o only, please.
Your icy armour will break if you move.
Continue?
Okay, then.
Unknown command.
You hit the hornet zombie.
The hornet zombie is moderately damaged.
The hornet zombie closely misses you. The hornet zombie hits you.
You thump the hornet zombie!
The hornet zombie is heavily damaged.
The hornet zombie hits you. The hornet zombie hits you!
* * * LOW HITPOINT WARNING * * *
Your icy armour will break if you move.
Continue? [Y]es or [N]o only, please.
Your icy armour will break if you move.
Continue? [Y]es or [N]o only, please.
Your icy armour will break if you move.
Continue?
Hop to where?
Press: ? - help, Dir - move target, p - hornet zombie Your icy armour will break if you move.
Continue?
Your icy armour cracks and falls away as you move.
Boing!
The hornet zombie misses you. The hornet zombie hits you.
* * * LOW HITPOINT WARNING * * *
Okay, then.
Press: ? - help, v - describe, . - travel
Here: a hornet zombie (heavily damaged)
The floor.
Okay, then.
Okay, then.
Casting: Freeze (safe; 1% risk of failure)
Confirm with . or Enter, or press ? or * to list all spells.
A film of ice covers your body! The hornet zombie hits you!
You die...

#.# #.# #.# #######
#Z# #.....# ###
#.######.###.# #.#
#.##......[..# #.#
#.Z......######
#.#########.##.......#
#....@Z......#.#####.#
#.#########..#.# #.#
#.# #<#..#.# #[# #.#
#.#..#.#####.#
#.#######.#..#.......#
#.........############
###########


You could see a hornet zombie.

Vanquished Creatures
  A black bear (D:4)
  A necrophage (D:5)
  An ogre (D:4)
  A scorpion (D:4)
  A centaur zombie (D:4)
  2 hounds (D:4)
  A centaur skeleton (D:4)
  An iguana (D:5)
  An orc wizard (D:3)
  A hound skeleton (D:4)
  3 gnolls (D:3)
  7 adders
  An adder skeleton (D:4)
  4 dart slugs
  5 orcs
  4 bats
  9 endoplasms
  5 giant cockroaches
  11 goblins
  12 hobgoblins
  7 jackals
  4 kobolds
  2 quokkas
  9 ball pythons
  3 frilled lizards
  7 rats
104 creatures vanquished.

Notes
Turn   | Place    | Note
-------+----------+-------------------------------------------
     0 | D:1      | Shym the Barachi Ice Elementalist began the quest for the
                  | Orb.
     0 | D:1      | Reached XP level 1. HP: 13/13 MP: 3/3
   208 | D:1      | Reached skill level 5 in Ice Magic
   326 | D:1      | Reached XP level 2. HP: 19/19 MP: 2/5
   388 | D:1      | Learned a level 1 spell: Magic Dart
   891 | D:1      | Reached XP level 3. HP: 24/24 MP: 5/7
   894 | D:1      | Reached skill level 1 in Conjurations
   898 | D:1      | Learned a level 3 spell: Frozen Ramparts
  1826 | D:2      | Found a faded altar of an unknown god.
  1831 | D:2      | Reached XP level 4. HP: 30/30 MP: 4/8
  2564 | D:2      | Learned a level 3 spell: Ozocubu's Armour
  2574 | D:3      | Reached XP level 5. HP: 35/35 MP: 2/10
  2758 | D:3      | Reached skill level 6 in Ice Magic
  3088 | D:3      | Found a stormy altar of Qazlal.
  3505 | D:4      | Found a bloodstained altar of Trog.
  3529 | D:4      | Found a sparkling altar of Nemelex Xobeh.
  3542 | D:4      | Found a white marble altar of Elyvilon.
  3601 | D:4      | Found a hazy altar of Hepliaklqana.
  3602 | D:4      | Found a shadowy altar of Dithmenos.
  3602 | D:4      | Noticed a shadow
  3788 | D:4      | Noticed a black bear
  3793 | D:4      | Killed a black bear
  3794 | D:4      | Reached XP level 6. HP: 41/41 MP: 4/12
  4168 | D:4      | Reached XP level 7. HP: 34/46 MP: 7/14
  4198 | D:4      | Reached skill level 7 in Ice Magic
  4682 | D:4      | Reached skill level 5 in Spellcasting
  4748 | D:4      | Found a burning altar of Makhleb.
  5244 | D:5      | Entered Level 5 of the Dungeon
  5250 | D:5      | Learned a level 4 spell: Hailstorm
  5474 | D:5      | Slain by a hornet zombie

Illustrated notes

Levels and vault maps discovered:
D:1:      scummos_arrival_forest, layout_loops_corners, st_stairs_11
D:2:      layout_loops_ring, basic_ecumenical_altar
D:3:      layout_basic, mainiacjoe_overflow_tiny_flanked, palyth_stone_intersect
D:4:      kennysheep_the_goblin_king, layout_basic,
          riverfiend_overflow_shadow_ancestor, makhleb_heckhound_becter,
          mainiacjoe_overflow_chevrons, grunt_temple_overflow_open,
          portal_sewer_entry_b, hangedman_minor_gate_pass
D:5:      layout_basic, mainiacjoe_overflow_brackets, uniq_sigmund,
          uniq_prince_ribbit1

Skill      XL: |  1  2  3  4  5  6  7 |
---------------+----------------------+-----
Ice Magic      | 5 6 7 |  7.5
Conjurations   | 1 2 3 4 |  4.7
Spellcasting   | 3 4 5 |  5.3
Dodging        | |  2.1
Stealth        | |  1.7

Action                   |  1- 3 |  4- 6 |  7- 9 || total
-------------------------+-------+-------+-------++-------
Melee: Unarmed           |     2 |       |       ||     2
       Dagger            |    32 |    49 |       ||    81
       Flail             |       |    11 |    33 ||    44
 Cast: Freeze            |    37 |    19 |    14 ||    70
       Magic Dart        |     4 |    14 |     5 ||    23
       Frozen Ramparts   |     3 |    19 |     8 ||    30
       Ozocubu's Armour  |       |     2 |     3 ||     5
       Hailstorm         |       |       |     1 ||     1
 Abil: Hop               |       |       |     1 ||     1
 Stab: Sleeping          |       |     1 |       ||     1
Armor: Robe              |    11 |    31 |    18 ||    60
Dodge: Dodged            |    44 |    79 |    40 ||   163
